 Dungeon Crawl Stone Soup version 0.26-b1-32-g5d43845318 (webtiles) character file.

Game seed: 5781501524208168621

14331 Borgoz the Carver (level 12, -16/110 HPs)
             Began as a Hill Orc Fighter on Jan 10, 2021.
             Demolished by a cyclops (19 damage)
             ... on level 12 of the Dungeon.
             The game lasted 00:22:42 (17112 turns).

Borgoz the Carver (Hill Orc Fighter)               Turns: 17112, Time: 00:22:42

Health: -16/110    AC: 11    Str: 20    XL:     12   Next: 15%
Magic:  16/16      EV: 16    Int:  8    God:
Gold:   361        SH:  0    Dex: 14    Spells: 11/16 levels left

rFire    . . .     SeeInvis .   a - +2 great sword (flame)
rCold    . . .     Faith    .   (shield currently unavailable)
rNeg     . . .     Spirit   .   q - +2 troll leather armour
rPois    +         Reflect  .   y - +0 helmet
rElec    .         Harm     .   (no cloak)
rCorr    .         Rampage  .   i - +1 pair of gloves
Will     .....                  (no boots)
Stlth    +.........             (no amulet)
HPRegen  0.68/turn              p - ring of poison resistance
MPRegen  0.15/turn              (no ring)

@: no status effects
A: no striking features
a: no special abilities


You were on level 12 of the Dungeon.
You visited 1 branch of the dungeon, and saw 12 of its levels.
You also visited: Sewer.

You collected 679 gold pieces.
You spent 318 gold pieces at shops.

Inventory:

Hand Weapons
 a - a +2 great sword of flaming (weapon)
 b - a +9 quick blade
Armour
 i - a +1 pair of gloves (worn)
 q - a +2 troll leather armour (worn)
 x - a +2 chain mail of poison resistance
 y - a +0 helmet (worn)
Jewellery
 p - a ring of poison resistance (left hand)
Wands
 m - a wand of iceblast (7)
 w - a wand of acid (7)
Scrolls
 c - 5 scrolls of identify
 e - 3 scrolls of fear
 f - 6 scrolls of fog
 j - a scroll of remove curse
 n - 6 scrolls of magic mapping
 o - 4 scrolls of teleportation
 t - 5 scrolls of blinking
Potions
 d - 5 potions of ambrosia
 g - 2 potions of magic
 h - a potion of brilliance
 k - a potion of cancellation
 l - a potion of flight
 r - 2 potions of lignification
 s - 4 potions of haste
 u - a potion of mutation
 z - a potion of attraction {unknown}


   Skills:
 * Level 11.1 Fighting
 * Level 11.9 Long Blades
 + Level 9.4 Armour
 * Level 7.1 Dodging
 - Level 5.0 Shields
 + Level 2.7 Spellcasting
 + Level 3.7 Hexes


You had 11 spell levels left.
You knew the following spells:

 Your Spells              Type           Power        Failure   Level
a - Confusing Touch       Hex            7%           26%         3
b - Blink                 Tloc           N/A          50%         2

Your spell library contained the following spells:

 Spells                   Type           Power        Failure   Level
 Slow                     Hex            7%           13%         2
 Magic Dart               Conj           4%           36%         1
 Sandblast                Erth           2%           36%         1
 Call Imp                 Summ           1%           50%         2
 Passwall                 Tmut/Erth      0%           50%         2
 Conjure Flame            Conj/Fire      1%           75%         3
 Gell's Gravitas          Tloc           0%           75%         3
 Mephitic Cloud           Conj/Pois/Air  1%           75%         3
 Stone Arrow              Conj/Erth      2%           75%         3
 Petrify                  Tmut/Erth      1%           98%         4
 Metabolic Englaciation   Hex/Ice        2%           99%         5
 Yara's Violent Unravell  Hex/Tmut       2%           99%         5
 Lee's Rapid Deconstruct  Erth           0%           100%        5


Dungeon Overview and Level Annotations

Branches:
Dungeon (12/15)            Temple (0/1) D:4            Lair (0/6) D:9
    Orc (0/2) D:9           Sewer (visited)

Altars:
Cheibriados
Fedhas
Gozag
Hepliaklqana
Ru
Vehumet
Xom
The Shining One

Shops:
D:4 *[}(=   D:5 =   D:9 (


Message History

* * * LOW HITPOINT WARNING * * *
You slice the ogre!! You burn the ogre.
The ogre is almost dead.
You feel less invigorated.
You feel less confused. The two-headed ogre barely misses you.
The two-headed ogre closely misses you. The ogre barely misses you.
The big kobold hits you with a cursed -2 club.
* * * LOW HITPOINT WARNING * * *
You hit the two-headed ogre but do no damage.
The two-headed ogre hits you with a +0 giant spiked club!
* * * LOW HITPOINT WARNING * * *
The two-headed ogre hits you with a +0 giant club!
* * * LOW HITPOINT WARNING * * *
The big kobold hits you but does no damage.
The ogre barely misses you.
You slash the ogre! You burn the ogre.
You kill the ogre!
The cyclops hits you!!
You die...

.....##.......#..
....$............
.....##.((.......
.... ##..(.......
... #...(.......
... #...(.......
....##...........
........C).......
###...@)........
#...OK........
#......)......
#.............
../............
##..............
#..............
#..............
...............


You could see a two-headed ogre, a cyclops and a big kobold.

Vanquished Creatures
  The ghost of p0werm0de the Orderly, a journeyman DDFi of Makhleb (D:10)
  A boulder beetle (D:11)
  A centaur warrior (D:12)
  A two-headed ogre (D:11)
  An ugly thing (D:11)
  A cyclops (D:11)
  The ghost of p0werm0de the Skirmisher, an amateur MiFi (D:4)
  A queen bee (D:11)
  A hornet (D:7)
  2 trolls
  A wraith (D:10)
  A shadow (D:6)
  A basilisk (D:11)
  A wyvern (D:9)
  8 yaks
  A warg (D:9)
  Duvessa (D:5)
  A hornet zombie (D:9)
  3 water moccasins
  2 sky beasts (D:7)
  An eye of draining (D:11)
  5 black bears
  8 orc warriors
  An ice beast (D:8)
  6 ogres
  5 centaurs
  2 big kobolds
  8 bullfrogs
  Dowan (D:5)
  A wyvern skeleton (D:7)
  2 scorpions
  35 killer bees
  8 wights
  4 howler monkeys
  3 bullfrog zombies
  A lava snake (D:10)
  3 centaur zombies
  A jelly (D:7)
  A gnoll shaman (D:7)
  8 hounds
  3 orc priests
  4 bullfrog skeletons
  A centaur skeleton (D:9)
  2 iguanas
  8 orc wizards
  9 worker ants
  2 hound zombies
  A hound skeleton (D:7)
  A worker ant zombie (D:7)
  5 gnolls
  3 howler monkey skeletons
  11 adders
  A river rat (D:3)
  A shadow imp (D:6)
  3 white imps
  An ufetubus (D:6)
  An ooze (D:1)
  2 adder skeletons
  An adder zombie (D:7)
  4 worms
  4 dart slugs
  6 leopard geckos
  37 orcs
  5 giant cockroaches
  3 goblins
  4 hobgoblins (D:2)
  16 jackals
  28 kobolds
  6 ball pythons
  4 bats
  9 frilled lizards
  A leopard gecko skeleton (D:6)
  A quokka zombie (D:6)
  9 rats
332 creatures vanquished.

Vanquished Creatures (others)
  An orc priest (D:9)
  9 fungi (D:9)
  32 plants
42 creatures vanquished.

Grand Total: 374 creatures vanquished

Notes
Turn   | Place    | Note
-------+----------+-------------------------------------------
     0 | D:1      | Borgoz the Hill Orc Fighter began the quest for the Orb.
     0 | D:1      | Reached XP level 1. HP: 19/19 MP: 1/1
   178 | D:1      | Reached XP level 2. HP: 22/27 MP: 2/2
   494 | D:1      | Reached XP level 3. HP: 31/33 MP: 3/3
  1712 | D:2      | Found a sacrificial altar of Ru.
  1852 | D:2      | Found a glowing golden altar of the Shining One.
  2134 | D:2      | Reached XP level 4. HP: 31/40 MP: 4/4
  2440 | D:2      | Found a blossoming altar of Fedhas.
  2693 | D:3      | Found a glowing drain.
  2767 | Sewer    | Entered a sewer
  3119 | Sewer    | Reached XP level 5. HP: 44/47 MP: 5/5
  4195 | D:4      | Found a transporter.
  4195 | D:4      | Noticed p0werm0de's ghost (amateur MiFi)
  4201 | D:4      | Found a transporter.
  4388 | D:4      | Found Meutsone's Armour Shoppe.
  4485 | D:4      | Found Navianug's Antique Weapon Boutique.
  4530 | D:4      | Found Rur Peiv's Jewellery Shop.
  4649 | D:4      | Reached XP level 6. HP: 45/55 MP: 6/6
  4819 | D:4      | Found a staircase to the Ecumenical Temple.
  4834 | D:4      | Learned a level 3 spell: Confusing Touch
  4874 | D:4      | Noticed a black bear
  4889 | D:4      | Killed a black bear
  4890 | D:4      | Reached skill level 1 in Dodging
  4891 | D:4      | Reached skill level 5 in Fighting
  5197 | D:4      | Found Dimuumim's Gadget Shoppe.
  5221 | D:4      | Reached XP level 7. HP: 29/61 MP: 7/7
  5468 | D:4      | Found Ighast's Assorted Antiques.
  5471 | D:4      | Bought a scroll labelled UFACRU QOVI for 28 gold pieces
  5471 | D:4      | Bought a scroll labelled REODUTA ZANNUH for 28 gold pieces
  5473 | D:4      | Bought a scroll of identify for 56 gold pieces
  5473 | D:4      | Bought a scroll of identify for 56 gold pieces
  5663 | D:4      | Reached skill level 5 in Armour
  5663 | D:4      | Killed p0werm0de's ghost
  5664 | D:4      | Reached skill level 5 in Long Blades
  5664 | D:4      | Reached skill level 5 in Shields
  5740 | D:5      | Entered Level 5 of the Dungeon
  5761 | D:5      | Reached XP level 8. HP: 32/70 MP: 8/8
  6037 | D:5      | Found a radiant altar of Vehumet.
  6438 | D:5      | Found Lyntopn's Jewellery Emporium.
  6442 | D:5      | Noticed Duvessa
  6442 | D:5      | Noticed Dowan
  6455 | D:5      | Killed Duvessa
  6467 | D:5      | Killed Dowan
  6761 | D:5      | Found a hazy altar of Hepliaklqana.
  6761 | D:5      | Found a snail-covered altar of Cheibriados.
  7617 | D:6      | Learned a level 2 spell: Blink
  7665 | D:6      | Reached XP level 9. HP: 39/79 MP: 9/9
  8843 | D:7      | Noticed a hornet
  8857 | D:7      | Killed a hornet
  9150 | D:7      | Found a shimmering altar of Xom.
  9166 | D:7      | Reached XP level 10. HP: 73/88 MP: 10/10
 11009 | D:8      | Reached skill level 10 in Long Blades
 11636 | D:9      | Reached skill level 5 in Dodging
 12096 | D:9      | Found Yhoumueh's Hydra Hut.
 12097 | D:9      | Noticed a five-headed hydra
 12108 | D:9      | Bought a +0 great sword of flaming for 150 gold pieces
 12355 | D:9      | Reached skill level 1 in Hexes
 12478 | D:9      | Found a staircase to the Orcish Mines.
 12921 | D:9      | Found a staircase to the Lair.
 12929 | D:9      | Reached skill level 1 in Spellcasting
 13156 | D:9      | Reached XP level 11. HP: 69/97 MP: 12/12
 13492 | D:10     | Entered Level 10 of the Dungeon
 13861 | D:10     | Identified a scroll of acquirement
 13877 | D:10     | Acquired a +9 quick blade
 14580 | D:10     | Found an opulent altar of Gozag.
 14698 | D:10     | You fall into a shaft and drop 1 floor!
 14713 | D:11     | Noticed a two-headed ogre
 14719 | D:11     | Killed a two-headed ogre
 14720 | D:11     | Reached skill level 10 in Fighting
 15558 | D:11     | Noticed a green ugly thing
 15567 | D:11     | Killed a green ugly thing
 15961 | D:11     | Noticed a boulder beetle
 15977 | D:11     | Killed a boulder beetle
 16256 | D:11     | Noticed a cyclops
 16277 | D:11     | Killed a cyclops
 16423 | D:10     | Found a runed translucent door.
 16440 | D:10     | Noticed p0werm0de's ghost (journeyman DDFi)
 16467 | D:10     | Killed p0werm0de's ghost
 16642 | D:10     | Reached XP level 12. HP: 108/108 MP: 15/15
 17083 | D:12     | Noticed a centaur warrior
 17091 | D:12     | Killed a centaur warrior
 17103 | D:12     | Noticed a two-headed ogre
 17111 | D:12     | HP: 2/110 [two-headed ogre/+0 giant spiked club (16)]
 17112 | D:12     | Demolished by a cyclops

Illustrated notes

Levels and vault maps discovered:
D:1:      dpeg_arrival_shrine, layout_loops_corners, serial_co_window_serial,
          co_window_of_opportunity_a, co_window_paths_b, co_window_paths_b,
          co_window_corner_a, co_window_paths_a, co_window_corner_b,
          co_window_broadway_a, co_window_corner_ca, co_window_broadway_c,
          co_window_unsneaky_path_a, co_window_corner_b, glass_columns_a,
          glass_columns_a, glass_columns_a
D:2:      layout_basic, nicolae_tso_carved_into_rock, general_overflow_altar,
          fedhas_altar_fruit_tree
D:3:      layout_rooms, portal_sewer_entry_e, grunt_ministairs_8,
          serial_park_tiny_1
D:4:      black_bear_nest_2, layout_loops_corners,
          minmay_temple_entry_offerings, serial_shops, shop,
          nicolae_shop_behind_doors, nicolae_shop_behind_doors, shop_fountains,
          shop, gammafunk_ghost_mausoleum, minmay_misc_feat_nine_boxes
D:5:      layout_loops_ring, amethyst_overflow_temple_binary, serial_shops,
          shop, minmay_misc_feat_secret_circle, lemuel_altar_in_water2,
          uniq_duvessa
D:6:      layout_rooms
D:7:      layout_basic, xom_confusion_cloud, minmay_manual_monstrance
D:8:      layout_layer_cave
D:9:      layout_big_octagon, grunt_lair_entry_orc_guard_hut,
          david_orc_1_choice, doesnt_shop_hydraphobe
D:10:     layout_basic, gammafunk_ghost_grave, grunt_decor_junction,
          minmay_misc_feat_square, nicolae_gozag_cash_rules_everything_around_me
D:11:     layout_roguey [special_room_bee]
D:12:     layout_cave_pools, serial_shops, shop

Skill      XL: |  1  2  3  4  5  6  7  8  9 10 11 12 |
---------------+-------------------------------------+-----
Fighting       | 4 5 7 8 9 10 11 | 11.1
Long Blades    | 3 4 5 7 9 10 11 | 11.9
Armour         | 4 5 6 7 8 9 |  9.4
Shields        | 4 5 |  5.0
Dodging        | 1 2 3 4 5 6 7 |  7.1
Hexes          | 1 3 |  3.7
Spellcasting   | 1 2 |  2.7

Action                   |  1- 3 |  4- 6 |  7- 9 | 10-12 || total
-------------------------+-------+-------+-------+-------++-------
Melee: Long sword        |   140 |   195 |   347 |   243 ||   925
       Great sword       |       |       |       |   366 ||   366
Evoke: Wand              |       |       |       |     3 ||     3
  Use: Scroll            |       |     8 |    15 |    10 ||    33
       Potion            |       |     2 |     4 |    10 ||    16
 Stab: Invisible         |       |       |       |     1 ||     1
Armor: Scale mail        |    56 |    86 |   150 |   166 ||   458
       Chain mail        |       |       |       |   104 ||   104
       Troll leather arm |       |       |       |    25 ||    25
Dodge: Dodged            |    41 |    58 |   167 |   385 ||   651
Block: Kite shield       |    75 |   104 |   221 |   110 ||   510
       Rpst.: Long sword |     9 |    16 |    54 |    37 ||   116
       Great sword       |       |       |       |    73 ||    73
